AoeStats
← FF Disasterpiece

Arabia

505711080Analyzed
2v2 RM · 22d ago on Sep 10, 2026· 74m 46s· 4 players
Game mode
Random Map
Map size
Medium (4 player)
Population
200
Speed
Normal
Resources
Standard
Victory
Conquest
Starting age
Dark Age
Ending age
Imperial Age
RankedLock teamsTeams togetherTeam positionsShared explorationLock speedFull tech treeHidden civsTurbo modeCheats
Victory
Defeat
🇨🇱 Mongols · Chile
826
+15
🇨🇱 Byzantines · Chile
770
+16
🇬🇧 Franks · United Kingdom
809
-16
🇬🇧 Burmese · United Kingdom
781
-15
Mr Duddz
0:27 Loom
12:05 Feudal Age
13:39 Wheelbarrow
14:40 Horse Collar
28:22 Castle Age
29:29 Hand Cart
33:27 Imperial Age
31:44 Bloodlines
33:51 Gold Mining
35:09 Husbandry
34:55 Cavalier
39:55 Elite Skirmisher
40:52 Town Watch
41:24 Manipur Cavalry
42:15 Gold Shaft Mining
43:30 Forging
43:21 Scale Mail Armor
43:11 Fletching
43:24 Padded Archer Armor
43:32 Scale Barding Armor
43:57 Town Patrol
45:40 Iron Casting
45:01 Bodkin Arrow
47:02 Elite Battle Elephant
48:10 Chain Barding Armor
49:58 Howdah
54:47 Pikeman
55:28 Squires
56:26 Gambesons
57:21 Halberdier
60:55 Scale Mail Armor
Evil Empire
12:04 Feudal Age
16:30 Scale Barding Armor
16:25 Double-Bit Axe
21:32 Castle Age
21:03 Forging
23:55 Wheelbarrow
26:43 Husbandry
27:04 Stone Mining
30:48 Bow Saw
32:52 Hand Cart
37:54 Gold Mining
40:49 Gold Shaft Mining
40:33 Town Watch
41:18 Chain Barding Armor
45:00 Imperial Age
44:42 Iron Casting
45:12 #83
45:05 Cavalier
48:03 Hoardings
47:45 Paladin
50:20 Elite Throwing Axeman
51:29 Fortified Wall
51:33 Caravan
54:50 Plate Barding Armor
57:26 Blast Furnace
61:07 Ballistics
65:09 Pikeman
69:52 Gambesons
FF Milo chan
10:00 Feudal Age
10:53 Double-Bit Axe
12:29 Bloodlines
12:38 Horse Collar
13:53 Scale Barding Armor
14:31 Forging
15:16 Loom
22:10 Castle Age
20:21 Fletching
21:18 Padded Archer Armor
23:03 Thumb Ring
23:42 Bodkin Arrow
24:44 Pikeman
26:19 Bow Saw
26:24 Squires
26:58 Leather Archer Armor
27:12 Gold Mining
31:58 Wheelbarrow
32:41 Stone Mining
37:58 Imperial Age
36:01 Husbandry
38:43 Fervor
39:45 Parthian Tactics
39:44 Ballistics
40:46 Town Watch
41:09 Light Cavalry
41:52 Bracer
42:47 Heavy Cavalry Archer
45:52 Chemistry
45:23 Conscription
45:20 Hussar
48:02 Siege Engineers
48:57 Hand Cart
49:41 Caravan
50:14 Heavy Plow
50:45 Chain Barding Armor
64:17 Iron Casting
FF Disasterpiece
11:21 Feudal Age
21:52 Scale Mail Armor
26:04 Castle Age
25:01 Horse Collar
25:11 Double-Bit Axe
26:23 Gold Mining
26:41 Stone Mining
33:21 Scale Barding Armor
33:31 Forging
37:13 Gold Shaft Mining
39:25 Imperial Age
37:46 Wheelbarrow
40:00 Heavy Plow
41:24 Heavy Camel Rider
43:25 Bow Saw
44:37 Padded Archer Armor
44:28 Fletching
46:27 Two-Man Saw
46:55 Crop Rotation
47:37 Chain Barding Armor
47:33 Leather Archer Armor
48:44 Caravan
49:39 Hand Cart
49:47 Heavy Cavalry Archer
52:31 Conscription
52:55 Plate Barding Armor
52:52 Ring Archer Armor
52:19 Bodkin Arrow
62:55 Chemistry
62:16 Ballistics
61:58 Elite Cataphract
69:34 Iron Casting
71:07 Logistica
Connection lost

Rejoining the realm…

Still unreachable

The connection could not be restored.

Session expired

The server has moved on; the page needs a fresh start.